 Dungeon Crawl Stone Soup version 0.23.0 (webtiles) character file.

Game seed: 12745827443997406259

47 Kisielow the Magician (level 3, -2/19 HPs)
             Began as a Deep Elf Wizard on Feb 17, 2019.
             Slain by a kobold
             ... wielding a +0 dagger
              (3 damage)
             ... on level 2 of the Dungeon.
             The game lasted 00:06:44 (1499 turns).

Kisielow the Magician (Deep Elf Wizard)             Turns: 1499, Time: 00:06:45

Health: -2/19      AC:  2    Str:  4    XL:     3   Next: 48%
Magic:  2/11       EV: 13    Int: 23    God:
Gold:   18         SH:  0    Dex: 13    Spells: 3/12 levels left

rFire    + . .     SeeInvis .   (no weapon)
rCold    x . .     Gourm    .   (no shield)
rNeg     . . .     Faith    .   a - +0 robe
rPois    .         Spirit   .   b - +0 hat
rElec    .         Reflect  .   (no cloak)
rCorr    .         Harm     .   (no gloves)
MR       .....                  (no boots)
Stlth    ++........             (no amulet)
HPRegen  0.06/turn              l - ring of fire
MPRegen  0.12/turn              (no ring)

@: very slightly contaminated
A: no striking features
a: no special abilities


You were on level 2 of the Dungeon.
You were hungry.

You visited 1 branch of the dungeon, and saw 3 of its levels.

You collected 18 gold pieces.

Inventory:

Armour
 a - a +0 robe (worn)
 b - a +0 hat (worn)
Jewellery
 l - a ring of fire (left hand)
Scrolls
 c - a scroll of noise {unknown}
 e - 2 scrolls of magic mapping
 g - a scroll of enchant weapon {unknown}
 i - a scroll of remove curse {unknown}
Potions
 f - 2 potions of haste
 h - a potion of agility {unknown}
 j - 2 potions of mutation {unknown}
 k - a potion of brilliance {unknown}
Comestibles
 d - 2 rations


   Skills:
 - Level 2.4 Dodging
 - Level 2.4 Stealth
 - Level 5.0 Spellcasting
 * Level 3.1 Conjurations
 - Level 1.1 Summonings
   Level 1.1 Translocations
 + Level 0.6 Fire Magic


You had 3 spell levels left.
You knew the following spells:

 Your Spells              Type           Power        Failure   Level  Hunger
e - Conjure Flame         Conj/Fire      ###.....     13%         3    ##.....
l - Call Imp              Summ           ##......     9%          2    None
q - Magic Dart            Conj           ###.         2%          1    None
w - Mephitic Cloud        Conj/Pois/Air  ##......     19%         3    ##.....

Your spell library contained the following spells:

 Spells                   Type           Power        Failure   Level  Hunger
 Blink                    Tloc           N/A          9%          2    None
 Slow                     Hex            #.......     14%         2    None


Dungeon Overview and Level Annotations

Branches:
Dungeon (3/15)

Altars:

Annotations:
D:2 Terence


Message History

Your crimson imp disappears in a puff of smoke! x2
The kobold barely misses you.
There is a stone staircase leading down here.
Terence shouts!
The kobold misses you. Terence looks scornfully at you.
The kobold completely misses you.
Terence screams, "I'm going to kill you!"
You open the door. The kobold hits you but does no damage.
Terence hits you with a +0 mace.
* * * LOW HITPOINT WARNING * * *
Terence misses you.
There is an open door here.
Found 9 arrows.
Casting: Call Imp (safe; 9% risk of failure)
Confirm with . or Enter, or press ? or * to list all spells.
You miscast Call Imp.
You are very lightly contaminated with residual magic.
Your head hurts.
The kobold hits you with a +0 dagger.
You die...

.... ..# ##'##
#.#.###.#. ##...##
.....(.. ##.....#
#.....# ##.....>.
#.....####........
#.......'........
##...####..%.....
#.#####...#
##.......
#....@K@..#
##.....#
#######.###
##...## #.# ##+##
#.# #.# #.. ###


You could see Terence and a kobold.

Vanquished Creatures
  An ooze (D:1)
  A leopard gecko (D:1)
  A ball python (D:1)
  5 goblins
  2 hobgoblins (D:1)
  A frilled lizard (D:1)
  2 rats (D:1)
13 creatures vanquished.

Vanquished Creatures (collateral kills)
  A worker ant (D:2)
  An adder (D:2)
  An ooze (D:2)
  2 bats
  2 giant cockroaches (D:1)
  2 hobgoblins (D:1)
  A ball python (D:1)
  3 kobolds
  A rat (D:1)
14 creatures vanquished.

Grand Total: 27 creatures vanquished

Notes
Turn   | Place    | Note
-------+----------+-------------------------------------------
     0 | D:1      | Kisielow the Deep Elf Wizard began the quest for the Orb.
     0 | D:1      | Reached XP level 1. HP: 10/10 MP: 7/7
   150 | D:1      | Reached XP level 2. HP: 8/15 MP: 0/9
   303 | D:1      | Learned a level 2 spell: Call Imp
   932 | D:2      | Reached skill level 5 in Spellcasting
   932 | D:2      | Reached XP level 3. HP: 15/19 MP: 3/11
  1000 | D:2      | Learned a level 3 spell: Mephitic Cloud
  1004 | D:2      | Learned a level 3 spell: Conjure Flame
  1325 | D:2      | Noticed Terence
  1499 | D:2      | Slain by a kobold

Skill      XL: |  1  2  3 |
---------------+----------+-----
Conjurations   | 2 3 |  3.1
Spellcasting   | 5 |  5.0
Dodging        | |  2.4
Stealth        | |  2.4
Summonings     | |  1.1
Translocations | |  1.1
Fire Magic     | |  0.6

Action                   || total
-------------------------++-------
 Cast: Magic Dart        ||    30
       Call Imp          ||    25
  Use: Scroll            ||     4
  Eat: Chunk             ||     1
Armor: Robe              ||     6
Dodge: Dodged            ||    33
